 Dungeon Crawl Stone Soup version 0.30.1-3-gfc49f6343a (webtiles) character file.

Game seed: 9609840961288433695

77884 worthlessgem the Thaumaturge (level 16, -5/109 HPs)
             Began as a Djinni Reaver on July 28, 2023.
             Was an Initiate of Gozag.
             Killed by a resonance strike
             ... invoked by a ragged hierophant
              (18 damage)
             ... in the Desolation of Salt.
             The game lasted 02:23:14 (29698 turns).

worthlessgem the Thaumaturge (Djinni Reaver)       Turns: 29698, Time: 02:23:16

Health: -5/109     AC: 16    Str: 15    XL:     16   Next: 6%
Gold:   2561       EV: 29    Int: 18    God:    Gozag SH:  0 Dex: 19

rFire   + + .        a - +0 scimitar (elec)
rCold   x . .        (no shield)
rNeg    . . .        W - +5 ring mail "Ucimes Viesm" {Will+}
rPois   ∞            (no helmet)
rElec   .            S - scarf {shadows}
rCorr   .            q - +2 pair of gloves
SInv    .            (boots unavailable)
Will    ++...        h - amulet of the acrobat
Stlth   ++           U - +6 ring of dexterity
HPRegen 0.38/turn    E - +4 ring of slaying
MPRegen 0.00/turn

%: acrobat, infuse magic (-6 HP)
@: about to teleport, gold aura, acrobatic, flying
A: sickness immunity, fire resistance 2, cold vulnerability 1, float, innate
caster, HP casting, extra vitality 1
a: Renounce Religion, Potion Petition, Call Merchant, Bribe Branch


You were in the Desolation of Salt.
You worshipped Gozag.
Gozag was most pleased with you.
You visited 5 branches of the dungeon, and saw 19 of its levels.
You also visited: Gauntlet and Desolation.

You collected 5180 gold pieces.
You spent 2560 gold pieces at shops.
You paid 59 gold pieces to Gozag.

Inventory:

Hand Weapons
 a - a +0 scimitar of electrocution (weapon)
 b - a +0 sling of freezing
 e - a +3 dagger of chaos
Missiles
 r - a throwing net
 u - 8 poisoned darts
 x - 10 boomerangs
 B - 5 silver javelins
Armour
 q - a +2 pair of gloves (worn)
 t - the +1 hat "Feulip" {Rampage rElec rF++ Str-5}
   (You found it in a Gauntlet)

   Str:       It affects your strength (-5).
   rF:        It greatly protects you from fire.
   rElec:     It insulates you from electricity.
   Rampage:   It bestows one free step when moving towards enemies.
 S - a scarf of shadows (worn)
 W - the +5 ring mail "Ucimes Viesm" (worn) {Will+}
   (You took it off a minotaur in a Gauntlet)

   Will:      It increases your willpower.
Jewellery
 h - an amulet of the acrobat (around neck)
 n - an amulet of reflection
 z - the ring "Rethriuwk" {Fly MP+9 Str-4 SInv}
   (You found it on level 5 of the Dungeon)

   [ring of see invisible]

   Str:       It affects your strength (-4).
   MP:        It affects your magic capacity (+9).
   SInv:      It lets you see invisible.
   Fly:       It grants you flight.
 D - the amulet "Ravycy Cuxu" {RegenMP MP+9 Str+3 Int+2}
   (You found it in a Gauntlet)

   [amulet of magic regeneration]

   It increases your rate of magic regeneration.
   Str:       It affects your strength (+3).
   Int:       It affects your intelligence (+2).
   MP:        It affects your magic capacity (+9).
 E - a +4 ring of slaying (right hand)
 T - a ring of resist corrosion
 U - a +6 ring of dexterity (left hand)
Wands
 v - a wand of roots (5)
 y - a wand of flame (12)
 G - a wand of digging (12)
 O - a wand of quicksilver (1)
 P - a wand of polymorph (12)
 Q - a wand of mindburst (1)
Scrolls
 c - a scroll of brand weapon
 d - 10 scrolls of teleportation
 g - 10 scrolls of identify
 j - 7 scrolls of fog
 l - a scroll of poison {unknown}
 C - 2 scrolls of magic mapping
 I - 4 scrolls of blinking
 L - a scroll of immolation
 M - a scroll of enchant weapon
 Z - 4 scrolls of enchant armour
Potions
 f - 3 potions of ambrosia
 i - 3 potions of mutation
 k - 5 potions of curing
 m - 4 potions of haste
 o - a potion of attraction
 p - 6 potions of lignification
 w - a potion of cancellation
 A - a potion of resistance
 H - 4 potions of brilliance
 K - 2 potions of berserk rage
 N - 2 potions of might
Miscellaneous
 s - a phantom mirror
 F - a piece from Xom's chessboard (15/15)
 R - a lightning rod (4/4)
 V - a phial of floods


   Skills:
 - Level 8.1 Fighting
 + Level 7.2 Long Blades
 - Level 6.6 Throwing
 + Level 12.5 Armour
 + Level 5.6 Dodging
 - Level 5.0 Stealth
 * Level 12.6 Spellcasting
 + Level 8.3 Evocations


You knew the following spells:

 Your Spells              Type           Power      Damage    Failure   Level
a - Kiss of Death         Conj/Necr      100%       2d13      1%          1
b - Momentum Strike       Conj/Tloc      100%       3d10      1%          2
c - Hailstorm             Conj/Ice       54%        3d12      1%          3
d - Sandblast             Erth           100%       2d20      1%          1
e - Lesser Beckoning      Tloc           100%       N/A       1%          2
f - Swiftness             Air            54%        N/A       1%          3
g - Sticky Flame          Conj/Fire      54%        2d7       1%          4
h - Arcjolt               Conj/Air       27%        1d37      1%          5
i - Yara's Violent Unrav  Hex/Tmut       27%        3d12      1%          5
j - Plasma Beam           Fire/Air       27%        2x1d43    9%          6
Your spell library was empty.

Dungeon Overview and Level Annotations

Branches:
Dungeon (12/15)            Temple (1/1) D:6            Lair (3/5) D:8
 Shoals (0/4) Lair:3        Snake (0/4) Lair:3          Orc (2/2) D:11
    Elf (1/3) Orc:2       Desolation (1/1)          Gauntlet (visited)

Altars:
Ashenzari
Cheibriados
Dithmenos
Elyvilon
Fedhas
Gozag
Hepliaklqana
Makhleb
Nemelex Xobeh
Okawaru
Qazlal
Ru
Trog
Uskayaw
Wu Jian
Xom
Yredelemnul
Zin
The Shining One

Shops:
D:1 (:[?!   D:6 ?   D:8 [   D:9 [   D:10 *   Orc:2 =(*[

Portals:
Trove: D:12 (give +4 fire dragon scales)


Innate Abilities, Weirdness & Mutations

You are immune to sickness and miasma.
You are immune to poison.
Your flesh is very heat resistant. (rF++)
You are vulnerable to cold. (rC-)
You float through the air rather than walking.
You learn spells naturally, not from books.
Your magical power is your life essence.
You have superior vitality. (+4 MHP)


Message History

The ragged hierophant is severely wounded.
The molten gargoyle resists.
The molten gargoyle is struck by an electric surge.
The molten gargoyle is severely damaged.
The ragged hierophant is struck by an electric surge!!
The ragged hierophant is no longer distracted by gold.
The ragged hierophant shouts!
The ragged hierophant is severely wounded.
The ragged hierophant hits you but does no damage.
The ragged hierophant gestures at you while chanting.
A blast of power from the earth and the molten gargoyle strikes you!
* * * LOW HITPOINT WARNING * * *
The molten gargoyle blasts magma at you!
The bolt of magma misses you.
As you read the scroll of teleportation, it crumbles to dust.
You feel strangely unstable.
The ragged hierophant hits you with a +0 dagger.
* * * LOW HITPOINT WARNING * * *
The ragged hierophant hits you with a +0 whip.
* * * LOW HITPOINT WARNING * * *
The molten gargoyle hits you with a +0 mace!
* * * LOW HITPOINT WARNING * * *
You are engulfed in flames.
You resist.
* * * LOW HITPOINT WARNING * * *
You feel better.
The molten gargoyle blasts magma at you!
The bolt of magma misses you.
The ragged hierophant barely misses you.
The ragged hierophant points at you and mumbles some strange words.
A blast of power from the earth and the molten gargoyle strikes you!
Unknown command.
The ragged hierophant misses you.
The molten gargoyle attacks as you move away!
The molten gargoyle completely misses you.
The ragged hierophant attacks as you move away!
The ragged hierophant misses you.
The ragged hierophant points at you and mumbles some strange words.
A blast of power from the earth strikes you!
You die...
Your body crumbles into a pile of gold.

..#.## .. ..
.#..§§#. ...
#.§.§§.## .##.#
....§§.
.....§§§§§§§
......§§§§§§
.....§.aa§§§
......§§9§§§ ....
......@§§§§§......
.....§§§§§§.......
....§§§§.#........
.......§.........#
...#...§..........
.......§§.§..§....
.#..§§§.§§§∩.§.§..
....§§§.§.§§§.§§§§
..§§§§§§§.§§.§§§§.


You could see 2 ragged hierophants and a molten gargoyle.

Vanquished Creatures
  Gastronok (D:10)
  A deep elf sorcerer (Elf:1)
  A deep elf elementalist (Elf:1)
  An orc warlord (Orc:2)
  A minotaur (Gauntlet)
  The ghost of turdburglar the Grappler, a journeyman TrFi of Okawaru (D:9)
  A ragged hierophant (Desolation)
  The ghost of bronco the Zephyrmancer, a journeyman OgAE of Ashenzari (Lair:1)
  A hydra (Lair:3)
  A boulder beetle (D:12)
  A two-headed ogre (Orc:1)
  4 orc high priests (Orc:2)
  A deep elf knight (Elf:1)
  Amaemon (D:9)
  A deep elf archer (Elf:1)
  An ironbound convoker (Desolation)
  2 orc knights (Orc:2)
  2 deep elf zephyrmancers (Elf:1)
  Pikel (D:7)
  5 deep elf pyromancers
  An ugly thing (D:12)
  A manticore (D:11)
  4 orc sorcerers
  2 cyclopes
  A salamander (Lair:3)
  A merfolk siren (Lair:3)
  4 elephants (Lair:2)
  A black mamba (Lair:2)
  2 gargoyles
  2 rime drakes (Lair:1)
  An orange demon (D:9)
  5 cane toads
  A kobold demonologist (D:12)
  4 komodo dragons
  5 trolls
  3 merfolk (Lair:3)
  A hornet (D:10)
  A wolf spider simulacrum (Gauntlet)
  A polar bear (Lair:1)
  11 blink frogs
  2 saltlings (Desolation)
  A dream sheep (D:11)
  A centaur simulacrum (Gauntlet)
  Sigmund (D:2)
  7 flying skulls (Gauntlet)
  4 wraiths
  43 yaks
  3 neqoxecs (D:9)
  4 wyverns
  A fire bat (D:9)
  4 basilisks
  2 steam dragons
  A naga (D:10)
  3 wargs
  2 acid dragons (D:12)
  Edmund (D:6)
  A hydra simulacrum (Gauntlet)
  7 water moccasins
  27 orc warriors
  A meliai simulacrum (Gauntlet)
  A swamp drake (D:8)
  A sky beast (D:7)
  A black bear (D:8)
  An ice beast (D:6)
  5 ogres
  3 wolves (Lair:2)
  3 centaurs
  12 bullfrogs
  A kobold brigand (D:6)
  A gnoll sergeant (D:6)
  An earth elemental (Elf:1)
  2 scorpions
  13 wights
  12 killer bees
  7 howler monkeys
  2 electric eels (Lair:2)
  4 lava snakes (Lair:3)
  A jelly (D:5)
  2 quasits (D:9)
  10 orc priests
  6 hounds
  A gnoll bouda (D:10)
  Crazy Yiuf (D:2)
  3 iguanas (D:5)
  Natasha (thrice) (D:4)
  12 orc wizards
  A boggart simulacrum (Gauntlet)
  Robin (D:2)
  16 gnolls
  13 adders
  A shadow imp (D:7)
  4 ufetubi
  A worm (D:3)
  4 dart slugs
  36 orcs
  3 ball pythons
  9 endoplasms
  5 giant cockroaches
  13 goblins
  5 hobgoblins
  4 jackals (D:1)
  6 quokkas
  5 bats
  5 frilled lizards
  15 kobolds
  7 rats
460 creatures vanquished.

Vanquished Creatures (others)
  A killer bee (shapeshifter) (Elf:1)
  An orc (Orc:2)
2 creatures vanquished.

Grand Total: 462 creatures vanquished

Notes
Turn   | Place    | Note
-------+----------+-------------------------------------------
     0 | D:1      | worthlessgem the Djinni Reaver began the quest for the Orb.
     0 | D:1      | worthlessgem set off with the following spells memorised:
                  | Kiss of Death, Momentum Strike, Hailstorm.
     0 | D:1      | Reached XP level 1. HP: 18/18 MP: 0/0
   139 | D:1      | Reached XP level 2. HP: 21/23 MP: 0/0
   146 | D:1      | Found Tuvuiph's Distillery.
   250 | D:1      | Found Kere's Magic Scroll Boutique.
   428 | D:1      | Reached XP level 3. HP: 27/29 MP: 0/0
   428 | D:1      | Learned a level 1 spell: Sandblast
   436 | D:1      | Found Jologe's Armour Shop.
   447 | D:1      | Found Anof's Book Shoppe.
   576 | D:1      | Found Dueluxt's Antique Weapon Emporium.
   928 | D:2      | Noticed Sigmund
  1256 | D:2      | Reached XP level 4. HP: 32/34 MP: 0/0
  1617 | D:2      | Reached XP level 5. HP: 35/40 MP: 0/0
  1617 | D:2      | Learned a level 2 spell: Lesser Beckoning
  1927 | D:2      | Noticed Robin
  1937 | D:2      | Killed Robin
  2045 | D:2      | Found a runed translucent door.
  2046 | D:2      | Noticed Crazy Yiuf
  2090 | D:2      | Killed Sigmund
  2091 | D:2      | Reached XP level 6. HP: 17/46 MP: 0/0
  2549 | D:3      | Reached XP level 7. HP: 33/47 MP: 0/0
  2549 | D:3      | Learned a level 3 spell: Swiftness
  3315 | D:4      | Noticed Natasha
  3331 | D:4      | Killed Natasha
  3685 | D:4      | Noticed Natasha
  3689 | D:4      | Killed Natasha
  3871 | D:4      | Noticed Natasha
  3878 | D:4      | Killed Natasha
  4068 | D:5      | Entered Level 5 of the Dungeon
  4370 | D:5      | Identified the ring "Rethriuwk" {Fly MP+9 Str-4 SInv}
  4527 | D:5      | You are sucked into a shaft and drop 1 floor!
  4553 | D:6      | Noticed a steam dragon
  4561 | D:6      | Killed a steam dragon
  4562 | D:6      | Reached skill level 5 in Long Blades
  4562 | D:6      | Reached skill level 5 in Spellcasting
  4562 | D:6      | Reached XP level 8. HP: 42/58 MP: 0/0
  4858 | D:6      | Found a staircase to the Ecumenical Temple.
  4882 | Temple   | Entered the Ecumenical Temple
  5164 | D:5      | Reached skill level 5 in Fighting
  5216 | D:5      | Found a basalt altar of Yredelemnul.
  5235 | D:5      | Found an opulent altar of Gozag.
  5349 | D:5      | Became a worshipper of Gozag Ym Sagoz the Greedy
  5790 | D:6      | Reached XP level 9. HP: 64/65 MP: 0/0
  5790 | D:6      | Learned a level 4 spell: Sticky Flame
  6168 | D:1      | Bought a scroll of blinking for 97 gold pieces
  6168 | D:1      | Bought a scroll of teleportation for 39 gold pieces
  6318 | D:6      | Found Jonlig's Magic Scroll Shop.
  6463 | D:6      | Noticed Edmund
  6487 | D:6      | Killed Edmund
  6488 | D:6      | Reached skill level 1 in Armour
  6690 | D:7      | Noticed a two-headed ogre
  6694 | D:7      | Reached skill level 1 in Stealth
  7463 | D:7      | Noticed Pikel
  7477 | D:7      | Killed Pikel
  7675 | D:7      | Reached XP level 10. HP: 68/73 MP: 0/0
  7954 | D:1      | Bought a potion of lignification for 36 gold pieces
  7954 | D:1      | Bought a potion of cancellation for 96 gold pieces
  7954 | D:1      | Bought a potion of berserk rage for 60 gold pieces
  8726 | D:8      | Found a staircase to the Lair.
  9105 | D:8      | Found a stormy altar of Qazlal.
  9219 | D:8      | Found Eliextub's Antique Armour Emporium.
  9616 | D:9      | Found a transporter.
  9731 | D:6      | Bought a scroll of brand weapon for 104 gold pieces
  9958 | D:9      | Found Cheibriados's Comfort Zone.
  9958 | D:9      | Found a snail-covered altar of Cheibriados.
 10055 | D:9      | Noticed Amaemon
 10055 | D:9      | Noticed an orange demon
 10354 | D:9      | Noticed turdburglar's ghost (journeyman TrFi)
 10366 | D:9      | Found a transporter.
 11060 | D:9      | Killed Amaemon
 11063 | D:9      | Killed an orange demon
 11064 | D:9      | Reached XP level 11. HP: 38/80 MP: 0/0
 11064 | D:9      | Learned a level 5 spell: Arcjolt
 11228 | D:10     | Entered Level 10 of the Dungeon
 11234 | D:10     | Reached skill level 5 in Armour
 11422 | D:10     | Reached skill level 5 in Stealth
 11638 | D:10     | Noticed Psyche
 11640 | D:10     | Psyche changed into Psyche the naga
 11640 | D:10     | Noticed Psyche
 11652 | D:10     | Killed Psyche the naga
 11964 | D:10     | Found Zetuclof's Assorted Antiques.
 12253 | D:10     | Reached skill level 1 in Throwing
 12253 | D:10     | Reached skill level 1 in Evocations
 12256 | D:10     | Noticed Gastronok
 12266 | D:10     | Killed Gastronok
 12549 | D:11     | Noticed a manticore
 13175 | D:11     | Killed a manticore
 13409 | D:11     | Found a staircase to the Orcish Mines.
 13790 | D:9      | Reached XP level 12. HP: 26/86 MP: 0/0
 13792 | D:9      | Killed turdburglar's ghost
 14491 | D:12     | Reached skill level 10 in Spellcasting
 14867 | D:12     | Noticed a boulder beetle
 14887 | D:12     | Killed a boulder beetle
 15161 | D:12     | HP: 2/82 [wraith (13)]
 15712 | D:12     | Found a portal to a secret trove of treasure.
 16163 | D:1      | Bought 2 potions of experience for 1200 gold pieces
 16163 | D:1      | Reached XP level 13. HP: 90/90 MP: 0/0
 16163 | D:1      | Learned a level 5 spell: Yara's Violent Unravelling
 16164 | D:1      | Reached skill level 5 in Throwing
 16164 | D:1      | Reached skill level 5 in Evocations
 16164 | D:1      | Reached XP level 14. HP: 96/96 MP: 0/0
 16299 | D:2      | Killed Crazy Yiuf
 16561 | Orc:1    | Entered Level 1 of the Orcish Mines
 17351 | Orc:2    | Entered Level 2 of the Orcish Mines
 17505 | Orc:2    | Noticed an orc warlord
 17505 | Orc:2    | Found Meckiyso's Antique Weapon Shoppe.
 17513 | Orc:2    | Killed an orc warlord
 18803 | Orc:2    | Found Mutsov's Antique Armour Emporium.
 18930 | Orc:2    | Found Kuviuczion's Jewellery Shop.
 19842 | Orc:2    | Reached XP level 15. HP: 67/103 MP: 0/0
 19842 | Orc:2    | Learned a level 6 spell: Plasma Beam
 20438 | Orc:2    | Bought a runed scarf for 168 gold pieces
 20438 | Orc:2    | Bought a runed orb for 252 gold pieces
 20557 | Orc:2    | Found a staircase to the Elven Halls.
 20577 | Orc:2    | Found Koafraf's General Store.
 20586 | Orc:2    | Bought a potion of curing for 48 gold pieces
 20586 | Orc:2    | Bought a wand of roots (3) for 115 gold pieces
 20586 | Orc:2    | Bought a potion of berserk rage for 80 gold pieces
 21213 | Lair:1   | Entered Level 1 of the Lair of Beasts
 21698 | Lair:1   | Found a runed translucent gate.
 21698 | Lair:1   | Found a runed translucent gate.
 21699 | Lair:1   | Found a runed translucent gate.
 21702 | Lair:1   | Noticed bronco's ghost (journeyman OgAE)
 23595 | D:6      | Bought a scroll of brand weapon for 104 gold pieces
 23834 | Orc:2    | Bought a scorched dagger for 161 gold pieces
 23834 | Orc:2    | Identified the +1 dagger "Digrus" {speed, Will- Str+3
                  | Dex+2} (You bought it in a shop on level 2 of the Orcish
                  | Mines)
 24868 | Lair:1   | Killed bronco's ghost
 26295 | Lair:3   | Identified the +2 leather armour "Temur" {-Cast Harm rF-
                  | Dex+8}
 26602 | Lair:3   | Found a gate leading to a gauntlet.
 26616 | Gauntlet | Entered a Gauntlet
 26616 | Gauntlet | Found a transporter.
 26626 | Gauntlet | Found a transporter.
 26642 | Gauntlet | Found a transporter.
 26646 | Gauntlet | Found a transporter.
 26667 | Gauntlet | Found a transporter.
 26680 | Gauntlet | Found a transporter.
 26694 | Gauntlet | Found a transporter.
 26723 | Gauntlet | Found a transporter.
 26723 | Gauntlet | Found a transporter.
 26728 | Gauntlet | Found a transporter.
 26759 | Gauntlet | Found a transporter.
 26759 | Gauntlet | Found a transporter.
 26950 | Gauntlet | Identified the +1 hat "Feulip" {Rampage rElec rF++ Str-5}
 27355 | Gauntlet | Identified the amulet "Ravycy Cuxu" {RegenMP MP+9 Str+3
                  | Int+2}
 27364 | Gauntlet | Identified the +5 ring mail "Ucimes Viesm" {Will+}
 27439 | Gauntlet | Identified the +4 morningstar "worthlessgem's Foe" {flame,
                  | Dex+3}
 27737 | Lair:3   | HP: 3/103 [merfolk/+0 trident (13)]
 28279 | Lair:3   | Found a staircase to the Shoals.
 28507 | Lair:3   | Found a staircase to the Snake Pit.
 29062 | Elf:1    | Entered Level 1 of the Elven Halls
 29104 | Elf:1    | Reached skill level 5 in Dodging
 29252 | Elf:1    | Noticed a deep elf elementalist
 29273 | Elf:1    | Killed a deep elf elementalist
 29450 | Elf:1    | Noticed a deep elf sorcerer
 29461 | Elf:1    | Killed a deep elf sorcerer
 29493 | Elf:1    | Found a crumbling gateway.
 29520 | Elf:1    | Reached XP level 16. HP: 69/109 MP: 0/0
 29661 | Desolati | Entered the Desolation of Salt
 29698 | Desolati | Killed from afar by a ragged hierophant

Illustrated notes

Levels and vault maps discovered:
D:1:      lightli_arrival_chessboard, layout_loops_ring, serial_shops,
          nicolae_shop_crystal, shop, nicolae_shop_tiny_waterfront, shop,
          nicolae_shop_stone, nrook_mini_backslash, hangedman_decor_points,
          item_on_display_a
D:2:      layout_basic, hangedman_decor_growths, kennysheep_generic_room_11,
          uniq_crazy_yiuf_cottage, uniq_sigmund, uniq_robin
D:3:      layout_rooms, minivault_19
D:4:      layout_basic, uniq_natasha
D:5:      layout_rooms, nicolae_overflow_squiral
D:6:      layout_basic, minmay_temple_entry_proselytizer, serial_shops,
          nicolae_shop_tiny_glass, uniq_edmund
D:7:      layout_loops_cross, kennysheep_generic_room_2, uniq_pikel
D:8:      layout_loops_ring, kennysheep_mini_moat, erik_lair_dragon,
          serial_shops, shop, minivault_23
D:9:      layout_loops_corners, serial_glass, glass_columns_c, glass_columns_b,
          gammafunk_ghost_stat_death, kennysheep_crisscross,
          amcnicky_mini_corridor_feature, minmay_shop_chei, uniq_amaemon
D:10:     layout_roguey, nicolae_take_the_stairs, uniq_gastronok, uniq_psyche
D:11:     layout_gridville, david_orc_1_choice, minivault_23
D:12:     layout_loops_ring, enter_trove_6
Temple:   hellmonk_temple_of_storms
Lair:1:   layout_loops_ring, gammafunk_ghost_split, grunt_megastairs_2
Lair:2:   layout_hall_layers, serial_bayou_shore_a, infiniplex_staircase_pool
Lair:3:   layout_loops_ring, elwin_shoals_entry_stream,
          nicolae_snake_entry_warm_welcome, gauntlet_entry_generic
Orc:1:    layout_caves
Orc:2:    grunt_orc_gardens, layout_caves, grunt_orc_garden, grunt_orc_garden,
          grunt_orc_garden, grunt_orc_garden
Elf:1:    eino_elf_arrival_altar, layout_gridlike,
          portal_desolation_entry_nicolae_slug, serial_shops, bzr_entry_dummy,
          hangedman_elf_represent
Desolation

Skill      XL: |  1  2  3  4  5  6  7  8  9 10 11 12 13 14 15 |
---------------+----------------------------------------------+-----
Long Blades    | 3 4 5 7 |  7.2
Spellcasting   | 3 4 5 6 7 8 9 10 11 12 | 12.6
Fighting       | 3 4 5 6 7 8 |  8.1
Armour         | 2 4 6 9 11 12 | 12.5
Stealth        | 2 4 5 |  5.0
Throwing       | 2 3 5 6 |  6.6
Evocations     | 3 4 5 6 8 |  8.3
Dodging        | 5 |  5.6

Action                     |  1- 3 |  4- 6 |  7- 9 | 10-12 | 13-15 | 16-18 || total
---------------------------+-------+-------+-------+-------+-------+-------++-------
  Melee: Falchion          |    92 |    15 |    59 |       |       |       ||   166
         Scimitar          |       |       |    18 |    50 |   135 |    10 ||   213
         Punch             |       |       |       |     2 |     8 |       ||    10
         Short sword       |       |       |       |    36 |    24 |       ||    60
         Dagger            |       |       |       |    63 |   215 |       ||   278
   Fire: Sling             |    25 |     2 |     3 |    39 |    19 |       ||    88
  Throw: Stone             |     1 |       |    46 |       |       |       ||    47
         Boomerang         |       |       |     7 |       |    15 |       ||    22
         Javelin           |       |       |     3 |       |     2 |       ||     5
         Dart              |       |       |       |     2 |    10 |     1 ||    13
   Cast: Momentum Strike   |     1 |     1 |     2 |       |       |       ||     4
         Sandblast         |    17 |    53 |   139 |    85 |    82 |       ||   376
         Hailstorm         |       |    10 |     8 |    21 |    17 |       ||    56
         Kiss of Death     |       |     3 |     1 |     8 |     2 |       ||    14
         Sticky Flame      |       |       |     4 |    13 |    12 |     1 ||    30
         Lesser Beckoning  |       |       |     1 |       |     2 |       ||     3
         Swiftness         |       |       |       |     3 |     8 |       ||    11
         Arcjolt           |       |       |       |    28 |    49 |     4 ||    81
         Yara's Violent Un |       |       |       |       |    32 |       ||    32
         Plasma Beam       |       |       |       |       |    46 |       ||    46
  Evoke: Wand              |       |       |       |    10 |     9 |       ||    19
    Use: Scroll            |       |       |     9 |     6 |    17 |     1 ||    33
         Potion            |       |       |       |     9 |     9 |     1 ||    19
   Stab: Sleeping          |       |       |       |     3 |     3 |       ||     6
         Confused          |       |       |       |       |     1 |       ||     1
         Distracted        |       |       |       |       |     2 |       ||     2
         Petrifying        |       |       |       |       |     2 |       ||     2
 Armour: Leather armour    |    45 |    26 |    35 |       |       |       ||   106
         Steam dragon scal |       |       |    11 |    21 |       |       ||    32
         Ring mail         |       |       |    16 |    96 |   200 |    10 ||   322
         Scale mail        |       |       |       |       |     9 |       ||     9
  Dodge: Dodged            |    84 |    33 |   113 |   178 |   368 |    10 ||   786
